 Dungeon Crawl Stone Soup version 0.17.0-24-gcfadda4 (webtiles) character file.

84 NekoKawashu the Ruffian (level 4, -8/41 HPs)
             Began as a Minotaur Monk on Nov 17, 2015.
             Mangled by an ogre
             ... wielding a +0 giant club
              (31 damage)
             ... on level 4 of the Dungeon.
             The game lasted 00:06:34 (1634 turns).

NekoKawashu the Ruffian (Minotaur Monk)             Turns: 1634, Time: 00:06:34

Health: -8/41      AC:  2    Str: 17    XL:     4   Next: 23%
Magic:  3/3        EV: 13    Int:  7    God:
Gold:   116        SH:  0    Dex: 12    Spells: 0 memorised, 3 levels left

rFire  . . .     SeeInvis .     r - +0 rapier (curse)
rCold  . . .     Clarity  .     k - +0 robe (curse)
rNeg   . . .     SustAt   .     (no shield)
rPois  .         Gourm    .     (helmet restricted)
rElec  .         Spirit   .     (no cloak)
rCorr  .         Warding  .     (no gloves)
rMut   .         Stasis   .     (no boots)
MR     .....                    (no amulet)
Stlth  ++........               (no ring)
                                (no ring)

@: not resistant to hostile enchantments, unstealthy
A: retaliatory headbutt, horns 2
a: no special abilities


You were on level 4 of the Dungeon.
You were not hungry.

You visited 1 branch of the dungeon, and saw 5 of its levels.

You collected 116 gold pieces.

Inventory:

Hand Weapons
 r - a cursed +0 rapier (weapon)
Armour
 a - a +0 robe
 k - a cursed +0 robe (worn)
Scrolls
 d - 2 scrolls of identify
 e - 2 scrolls of recharging
 n - a scroll of fear {unknown}
 o - 2 scrolls of enchant weapon {unknown}
Potions
 b - a potion of degeneration {unknown}
 c - a potion of lignification {unknown}
 f - a potion of haste {unknown}
 g - a potion of invisibility {unknown}
 h - a potion of cure mutation {unknown}
 i - a potion of magic {unknown}
 j - a potion of poison {unknown}
 p - a potion of curing {unknown}
 s - a potion of heal wounds {unknown}
Comestibles
 l - 2 bread rations
 m - a meat ration
 q - a beef jerky


   Skills:
 + Level 4.6 Fighting
 + Level 4.1 Dodging
 + Level 1.8 Stealth
 + Level 5.0 Unarmed Combat


You had 3 spell levels left.
You didn't know any spells.

Dungeon Overview and Level Annotations

Branches:
Dungeon (5/15)
 Temple: D:4-7

Altars:
Ashenzari


Innate Abilities, Weirdness & Mutations

You reflexively headbutt those who attack you in melee.
You have a pair of horns on your head.


Message History

You climb downwards.
Found a ring mail.
Found a stone staircase leading down.
There is a stone staircase leading up here.
There is a stone staircase leading down here.
You climb downwards.
There is a stone staircase leading up here.
You climb upwards.
There is a stone staircase leading down here.
An ogre comes into view. It is wielding a giant club.
Found a scroll labeled SYEPRIJARE.
You open the door.
Found a shattered altar of Ashenzari.
There is an open door here.
There is a shattered altar of Ashenzari here.
You barely miss the ogre. The ogre hits you with a giant club!!
You puncture the ogre! You headbutt the ogre.
The ogre is heavily wounded.
The ogre hits you with a giant club!!
Ouch! That really hurt!
You die...

.# .....# ..... .....#
...#.# ###
#.#..###...#⌠.##+##.⌠#
#.#..##.. ..........#
#.#..#..# #.....?.# #.
.....#..# #.......#...
.....#..# +...@...+...
<.......# #...O.......
.>#.##..#####.......####
...........#.........#
.....#.#...#⌠.##'...⌠#
.#.###.#...####...####
.#.. #.##.........#
.#.#.#.#####..#...#
.#.#.#.# ##.###...#


You could see an ogre.

Vanquished Creatures
  An adder (D:3)
  2 worms
  4 orcs (D:3)
  7 bats
  2 giant cockroaches (D:1)
  11 goblins
  8 hobgoblins
  7 jackals
  5 kobolds
  2 quokkas (D:2)
  2 giant newts
  4 rats
55 creatures vanquished.

Notes
Turn   | Place    | Note
--------------------------------------------------------------
     0 | D:1      | NekoKawashu the Minotaur Monk began the quest for the Orb.
     0 | D:1      | Reached XP level 1. HP: 19/19 MP: 0/0
     2 | D:1      | Noticed a vine stalker
    75 | D:1      | Reached XP level 2. HP: 27/27 MP: 1/1
   390 | D:1      | Noticed a ghoul
   390 | D:1      | Noticed a felid
   392 | D:1      | Noticed a troll
   394 | D:1      | Noticed a gargoyle
   394 | D:1      | Noticed a centaur
   396 | D:1      | Noticed an elf
   396 | D:1      | Noticed a human
   398 | D:1      | Noticed a demigod
   398 | D:1      | Noticed a minotaur
   400 | D:1      | Noticed an octopode
   402 | D:1      | Noticed a naga
   402 | D:1      | Noticed an ogre
   404 | D:1      | Noticed a merfolk
   533 | D:1      | Reached XP level 3. HP: 26/33 MP: 2/2
  1325 | D:3      | Reached skill level 5 in Unarmed Combat
  1328 | D:3      | Reached XP level 4. HP: 37/41 MP: 3/3
  1602 | D:5      | Entered Level 5 of the Dungeon
  1613 | D:4      | Noticed an ogre
  1627 | D:4      | Found a shattered altar of Ashenzari.
  1634 | D:4      | Mangled by an ogre

Action                   |  1- 3 |  4- 6 || total
-------------------------+-------+-------++-------
Melee: Unarmed           |    89 |    20 ||   109
       Rapier            |       |     2 ||     2
  Use: Scroll            |     3 |       ||     3
 Stab: Sleeping          |     1 |       ||     1
  Eat: Bread ration      |     1 |       ||     1
